 Dungeon Crawl Stone Soup version 0.16-a0-715-g16937c4 (webtiles) character file.

2907 Ratboiler the Carver (level 9, -4/43 HPs)
             Began as a Vine Stalker Monk on Sept 21, 2014.
             Was a Priest of Ru.
             Slain by a sun demon (14 damage)
             ... summoned by a silver statue
             ... on Level 9 of the Dungeon.
             The game lasted 00:31:08 (7397 turns).

Ratboiler the Carver (Vine Stalker Monk)            Turns: 7397, Time: 00:31:10

HP  -4/43        AC 16     Str 14      XL: 9   Next: 78%
MP   0/13        EV  6     Int 18      God: Ru [***...]
Gold 517         SH  0     Dex 20      Spells:  1 memorised,  4 levels left

rFire  . . .     SeeInvis .     a - +2 falchion (elec)
rCold  . . .     Clarity  +     y - +0 storm dragon armour
rNeg   . . .     rCorr    .     (no shield)
rPois  .         rRot     +     (no helmet)
rElec  +         Spirit   +     (no cloak)
SustAb .         Warding  .     (no gloves)
rMut   .         Stasis   .     (no boots)
Gourm  .                        M - amulet of clarity
MR     +....                    u - +2 ring of intelligence
                                h - +6 ring of intelligence

@: about to teleport, somewhat resistant to hostile enchantments, extremely
unstealthy
A: fangs 3, iridescent scales 1, sense surroundings 1, regeneration 2, screaming
1, magic shield, antimagic bite, no device heal 3, rot immunity, no stealth,
hated by all, disrupted magic 1
a: Draw Out Power, Renounce Religion


You were on level 9 of the Dungeon.
You worshipped Ru.
Ru was most pleased with you.
You were not hungry.

You visited 1 branch of the dungeon, and saw 9 of its levels.
You also visited: Ossuary.

You collected 517 gold pieces.

Inventory:

Hand weapons
 a - a +2 falchion of electrocution (weapon)
 A - a cursed +0 blowgun
 O - a +2 shortbow of flaming
Missiles
 j - 7 javelins of penetration (quivered)
 s - 5 needles of slowing
 B - 32 poisoned needles
 P - 18 arrows
Armour
 k - a +0 ring mail
 l - a cursed +0 robe
 m - a cursed +0 chain mail
 y - a +0 storm dragon armour (worn)
Magical devices
 g - a wand of digging (7)
 n - a wand of flame (12)
 p - a wand of fire (6)
 C - a wand of fire (9)
 G - a wand of random effects (15)
 I - a wand of fire (7)
 L - a wand of disintegration (2)
 N - a wand of cold (11)
Comestibles
 b - 4 bread rations
 i - 4 meat rations
 S - a chunk of hound flesh
Scrolls
 f - 5 scrolls of teleportation
 o - 4 scrolls of immolation
 r - 3 scrolls of remove curse
 w - a scroll of noise
 E - a scroll of amnesia
 F - a scroll of vulnerability {unknown}
 K - 2 scrolls of enchant weapon
 Q - a scroll of fear {unknown}
Jewellery
 h - a +6 ring of intelligence (left hand)
 u - a +2 ring of intelligence (right hand)
 M - an amulet of clarity (around neck)
Potions
 c - a potion of magic
 d - 4 potions of lignification
 e - 3 potions of haste
 q - 2 potions of might
 t - 3 potions of restore abilities
 v - 7 potions of curing {unknown}
 x - a potion of porridge
 z - 3 potions of degeneration {unknown}
 D - 3 potions of mutation
 H - 4 potions of cancellation {unknown}
 J - a potion of resistance
Books
 R - a book of the Earth

   Spells                             Type                      Level
   *Leda's Liquefaction               Hexes/Earth                  4
   Bolt of Magma                      Conjuration/Fire/Earth       5
   Statue Form                        Transmutation/Earth          6
   Iron Shot                          Conjuration/Earth            6
   Shatter                            Earth                        9


   Skills:
 - Level 2.6 Fighting
 * Level 8.7 Long Blades
 + Level 6.2 Armour
 - Level 4.6 Dodging
 - Level 4.0 Unarmed Combat
 + Level 1.1 Evocations


You had 4 spell levels left.
You knew the following spells:

 Your Spells              Type           Power        Failure   Level  Hunger
a - Leda's Liquefaction   Hex/Erth       #.........   100%        4    #####..


Dungeon Overview and Level Annotations

Branches:
Dungeon (9/15)             Temple (0/1) D:5
    Orc: D:9-12        Lair: D:8-11

Altars:
Cheibriados
Gozag
Nemelex Xobeh
Qazlal
Ru
Yredelemnul
Zin
The Shining One

Annotations:
D:4 Menkaure
D:9 exclusion: silver statue


Innate Abilities, Weirdness & Mutations

You have razor-sharp teeth.
You heal very quickly.
You occasionally shout uncontrollably at your foes.
When hurt, damage is shared between your health and your magic reserves.
Your bite disrupts and absorbs the magic of your enemies.
Potions and wands cannot restore your health.
You are immune to rotting.
You cannot be stealthy.
You are hated by all.
Your casting is slightly disrupted.
You are partially covered in iridescent scales (AC +4).
You passively map a small area around you.


Message History

You start butchering the hound corpse.
You continue butchering the corpse.
You continue butchering the corpse. x2
You finish butchering the hound corpse.
S - a chunk of hound flesh You see here a hound skeleton.
Found a leather armour.
Marking area around the silver statue as unsafe for travelling.
A silver statue comes into view.
The silver statue's eyes glow briefly.
Found a chain mail, a buckler and a scroll of teleportation.
You hear the faint creaking of an oriflamme, a long way away.
Read which item? (? for menu, Esc to quit)
As you read the scroll of teleportation, it crumbles to dust.
You feel strangely unstable. The sun demon hits you!
You are engulfed in flames!
* * * LOW HITPOINT WARNING * * *
The sun demon hits you!
* * * LOW HITPOINT WARNING * * *
You are engulfed in flames!
You die...

* .*#............
#. ,
,#..##............
##
,#..##.....#####..
,, #..##.....# ,
,#.[##.....# ,
+..##.....# * ####
#..##.....#, , ,,
.....#.........#<
, , , ,
..........@.....#
* ,
....[....3##..###
* ...###.....##.#
* ##.....### , **
, ##...4.#
##..8.[# ,
##...##, , #?##
*##


You could see a sun demon.

Vanquished Creatures
  A hippogriff (D:7)
  A sky beast (D:8)
  An orc warrior (D:8)
  An ogre (D:4)
  A phantom (D:9)
  6 centaurs
  A big kobold (D:8)
  4 giant frogs
  3 scorpions
  5 wights (D:7)
  A centaur zombie (Ossuary)
  4 crimson imps
  2 goliath beetles
  2 jellies
  A quasit (D:5)
  5 hounds
  A giant frog skeleton (D:7)
  4 worker ants
  An iguana (D:8)
  3 orc priests
  3 orc wizards
  Ijyb (D:2)
  A big kobold zombie (Ossuary)
  6 mummies
  8 gnolls
  6 adders
  An inept feature mimic (D:5)
  3 shadow imps
  2 worms (D:3)
  An orc skeleton (D:6)
  An ooze (D:5)
  28 orcs
  2 ball pythons
  12 bats
  9 giant cockroaches
  2 gnoll zombies (Ossuary)
  11 hobgoblins
  3 quokkas
  7 giant newts
  A giant newt skeleton (D:4)
  A giant spore (D:6)
  17 goblins
  A goblin skeleton (D:5)
  3 goblin zombies
  A hobgoblin zombie (Ossuary)
  7 jackals
  13 kobolds
  2 kobold zombies (Ossuary)
  A quokka skeleton (D:6)
  17 rats
  A rat skeleton (D:4)
  A ballistomycete (D:6)
221 creatures vanquished.

Vanquished Creatures (others)
  A mummy (Ossuary)
1 creature vanquished.

Grand Total: 222 creatures vanquished

Notes
Turn   | Place    | Note
--------------------------------------------------------------
     0 | D:1      | Ratboiler, the Vine Stalker Monk, began the quest for the Orb.
     0 | D:1      | Reached XP level 1. HP: 11/11 MP: 1/1
   261 | D:1      | Reached XP level 2. HP: 16/16 MP: 3/3
   975 | D:2      | Reached XP level 3. HP: 14/19 MP: 1/4
  1065 | D:2      | Reached XP level 4. HP: 10/23 MP: 2/5
  1397 | D:2      | Noticed Ijyb
  1440 | D:2      | Killed Ijyb
  1783 | D:3      | Reached XP level 5. HP: 27/27 MP: 7/7
  2131 | D:3      | Reached skill level 1 in Armour
  2169 | D:3      | Gained mutation: You passively map a small area around you. [potion of beneficial mutation]
  2329 | D:4      | Found an opulent altar of Gozag.
  2331 | D:4      | Found a stormy altar of Qazlal.
  2331 | D:4      | Found a sacrificial altar of Ru.
  2331 | D:4      | Found a sparkling altar of Nemelex Xobeh.
  2332 | D:4      | Found a glowing golden altar of the Shining One.
  2333 | D:4      | Found a glowing silver altar of Zin.
  2335 | D:4      | Became a worshipper of Ru the Awakened
  2359 | D:4      | Gained mutation: Your casting is slightly disrupted. [Ru sacrifice]
  2655 | D:4      | Gained mutation: You heal very quickly. [vine stalker growth]
  2655 | D:4      | Reached XP level 6. HP: 28/32 MP: 8/8
  2812 | D:4      | Noticed Menkaure
  3005 | D:4      | Reached skill level 1 in Long Blades
  3561 | D:4      | Reached XP level 7. HP: 30/35 MP: 9/9
  3574 | D:5      | Entered Level 5 of the Dungeon
  3611 | D:5      | Noticed a human
  3637 | D:5      | Found a basalt altar of Yredelemnul.
  3722 | D:5      | Gained mutation: You cannot be stealthy. [Ru sacrifice]
  3722 | D:5      | Acquired Ru's first power
  3845 | D:5      | Gained mutation: You are partially covered in iridescent scales (AC +4). [potion of beneficial mutation]
  3852 | D:5      | Found Qani's Book Emporium.
  3858 | D:5      | Qani's Book Emporium was a mimic.
  4020 | D:5      | Found a staircase to the Ecumenical Temple.
  4256 | D:6      | Gained mutation: You have razor-sharp teeth. [vine stalker growth]
  4256 | D:6      | Reached XP level 8. HP: 39/39 MP: 11/11
  4403 | D:6      | Found a snail-covered altar of Cheibriados.
  4500 | D:6      | Found a sand-covered staircase.
  4507 | Ossuary  | Entered an ossuary
  4545 | Ossuary  | Reached skill level 5 in Long Blades
  5208 | D:7      | Gained mutation: You are hated by all. [Ru sacrifice]
  5208 | D:7      | Acquired Ru's second power
  5224 | D:7      | Reached skill level 6 in Long Blades
  5353 | D:7      | Reached skill level 5 in Armour
  5499 | D:7      | Reached XP level 9. HP: 39/43 MP: 8/12
  5635 | D:7      | Reached skill level 7 in Long Blades
  6422 | D:8      | Reached skill level 8 in Long Blades
  6680 | D:8      | Gained mutation: You occasionally shout uncontrollably at your foes. [Ru sacrifice]
  6680 | D:8      | Acquired Ru's third power
  6758 | D:8      | Learned a level 4 spell: Leda's Liquefaction
  7374 | D:9      | Reached skill level 1 in Evocations
  7393 | D:9      | Noticed a silver statue
  7394 | D:9      | Noticed a sun demon
  7394 | D:9      | Noticed a hellwing
  7397 | D:9      | Slain by a sun demon

Action                   |  1- 3 |  4- 6 |  7- 9 || total
-------------------------+-------+-------+-------++-------
Melee: Unarmed           |    83 |   216 |       ||   299
       Falchion          |       |    40 |   345 ||   385
Throw: Javelin           |       |       |     1 ||     1
Invok: Sacrifice Essence |       |     1 |       ||     1
       Sacrifice Stealth |       |       |     1 ||     1
       Sacrifice Love    |       |       |     1 ||     1
       Sacrifice Purity  |       |       |     1 ||     1
Evoke: Wand              |       |     3 |     3 ||     6
  Use: Scroll            |     2 |    12 |    13 ||    27
       Potion            |       |     1 |     1 ||     2
 Stab: Sleeping          |     2 |       |       ||     2
       Distracted        |       |     1 |     2 ||     3
       Invisible         |       |       |     3 ||     3
  Eat: Chunk             |       |     7 |     7 ||    14
       Beef jerky        |       |     1 |       ||     1
       Meat ration       |       |       |     1 ||     1
       Bread ration      |       |       |     1 ||     1
